Winsalmostnever, neutral female human Tourist G @ -+---- @ |.k..| G |.@..| |..G@| |...G| ------ @ Winsalmostnever the Sightseer Experience level: 4 Strength: 10 Dexterity: 11 Constitution: 16 Intelligence: 13 Wisdom: 8 Charisma: 18 Health: 0(46) Energy: 6(6) Def: 3 Gold: 1196 Moves: 1863 Dungeon seed: HmEjvZLJ-nkCIk4g Game ID: Winsalmostnever_1708535724 Your Inventory: Coins $ - 1196 gold pieces Amulets A - an uncursed amulet of ESP named ESP (being worn) Weapons a - 11 uncursed +2 darts (in quiver) t - 16 uncursed +0 darts F - the uncursed +0 Sting (weapon in hand) Armor e - an uncursed +0 Hawaiian shirt (being worn) J - a blessed +1 orcish helm (being worn) N - a cursed -1 pair of iron shoes (being worn) Y - a cursed +0 dwarvish cloak (being worn) Comestibles b - 2 uncursed fortune cookies c - 8 uncursed food rations d - 4 uncursed tripe rations f - an uncursed Drug Scrolls i - 2 blessed scrolls of magic mapping j - 2 uncursed scrolls of magic mapping z - an uncursed scroll of identify Potions C - an uncursed potion of restore ability Wands x - an uncursed wand of cancellation named cancel (0:1) Tools k - an uncursed credit card l - an uncursed expensive camera (0:82) m - an uncursed leash n - an uncursed magic marker (0:0) o - an uncursed tin opener p - an uncursed towel K - an uncursed tinning kit (0:68) Spells and supernatural/magical abilities: Name Level Category Cost Memory h - healing 1 healing 12pw 100% z - sleep 1 enchantment 12pw 100% D - drain life 2 attack 40pw 98% O - summoning 2 clerical 40pw 100% W - pray for help -- divine ? -- Your skills at the end: Fighting Skills wands [Basic] Weapon Skills dart [Basic] Spellcasting Skills Final Attributes: You were piously aligned. You were strongly telepathic. You were aware of the presence of orcs. You last prayed 63 turns ago. The Lady was noncommittal. You are dead. Vanquished creatures: a shrieker a gnome lord 2 gnomish wizards a giant ant a kitten 2 dwarves a dwarf zombie 2 iguanas 3 hobbits a large kobold 2 giant rats a yellow mold 7 gnomes a gecko a jackal a kobold 3 goblins 4 grid bugs 2 lichens 4 newts 41 creatures vanquished. Voluntary challenges: You used a wielded weapon 37 times, starting on turn 579. You read items or engraved 11 times, starting on turn 378. You never genocided any monsters. You never polymorphed an object. You never changed form. You used no wishes. You never split a pudding. You never wrote Elbereth's name. You never violated your personal moral code. Dungeon overview: The Dungeons of Doom: levels 1 to 4 Level 1 some fountains, a sink a long staircase Level 2 a vault Level 3 a fountain Level 4 stairs to The Gnomish Mines The Gnomish Mines: levels 5 to 7 Level 5 stairs to The Dungeons of Doom Level 7 <- You were here a temple to Offler History has recorded: On T:1 you entered the Dungeons of Doom to retrieve the Amulet of Yendor! On T:371 you reached level 2 of The Dungeons of Doom. On T:673 you reached level 3 of The Dungeons of Doom. On T:1185 you reached level 4 of The Dungeons of Doom. On T:1380 you advanced to experience level 2. On T:1469 you advanced to experience level 3. On T:1472 you reached level 1 of The Gnomish Mines. On T:1601 you advanced to experience level 4. On T:1856 you reached level 3 of The Gnomish Mines. Score breakdown: Gold: 256 ( 8197 points) Experience: 4 levels ( 9649 points) Exploration: 7 levels ( 14.29%) (10606 points) Discoveries: 10 items ( 3.30%) ( 5450 points) Valuables value: (no points given unless you survive) Artifact value: 800 ( 9877 points) Variety of kills: 20 monsters ( 5.26%) ( 6882 points) Turncount: 1863 turns ( 0 points) Survival: died (score multiplied by 80%) Total score: 40528 Latest messages: The golden haze around the priestess of Offler becomes more dense. The dart misses the gnomish wizard. The golden haze around the gnomish wizard becomes more dense. The golden haze around the priestess of Offler becomes more dense. The dart hits the gnomish wizard. The priestess of Offler casts a spell! The priestess of Offler is granted an insight! The golden haze around the priestess of Offler becomes more dense. The dart hits the gnomish wizard! The priestess of Offler casts a spell! The priestess of Offler is granted an insight! The golden haze around the priestess of Offler becomes more dense. The dart hits the gnomish wizard. The priestess of Offler drinks a yellow potion! The priestess of Offler seems more experienced. It must be a potion of gain level. The golden haze around the priestess of Offler becomes more dense. The dart hits the gnomish wizard! The kobold shaman casts a spell! The force bolt hits you! You die... Final status: Aloha Winsalmostnever the Tourist, killed by a kobold shaman's force bolt... You died in The Gnomish Mines on dungeon level 7 with 40528 points, and 1196 pieces of gold, after 1863 moves. You were level 4 with a maximum of 46 hit points when you died.